 Dungeon Crawl Stone Soup version 0.29-a0-284-gf9362112df (webtiles) character file.

Game seed: 12633589969608232674

513 Cecur the Digger (level 7, -5/42 HPs)
             Began as an Octopode Earth Elementalist on Mar 18, 2022.
             Was a Priest of Nemelex Xobeh.
             Slain by a hornet (14 damage)
             ... on level 4 of the Dungeon.
             The game lasted 00:08:17 (4752 turns).

Cecur the Digger (Octopode Earth Elementalist)      Turns: 4752, Time: 00:08:18

Health: -5/42      AC:  1    Str:  8    XL:     7   Next: 19%
Magic:  3/13       EV: 13    Int: 19    God:    Nemelex Xobeh [***...]
Gold:   178        SH:  0    Dex: 12    Spells: 8/14 levels left

rFire   . . .      SeeInvis .   n - +1 mace of Intuition {elec, Stlth+}
rCold   . . .      Faith    .   (no shield)
rNeg    . . .      Spirit   .   (helmet restricted)
rPois   .          Reflect  .   (no amulet)
rElec   .          Harm     .   j - +4 ring of slaying
rCorr   .          Rampage  .   (no ring)
Will    .....                   (no ring)
Stlth   ++++......              (no ring)
HPRegen 0.14/turn               (no ring)
MPRegen 0.13/turn               (no ring)
                                (no ring)
                                (no ring)

@: lethally poisoned (-5 -> -13), slowed, very slow
A: almost no armour, amphibious, 8 rings, camouflage 1, gelatinous body 1,
(nimble swimmer 1), tentacles
a: Renounce Religion, Draw Escape, Draw Destruction, Draw Summoning, Triple Draw


You were on level 4 of the Dungeon.
You worshipped Nemelex Xobeh.
Nemelex Xobeh was most pleased with you.
You visited 1 branch of the dungeon, and saw 5 of its levels.

You collected 178 gold pieces.

Inventory:

Hand Weapons
 n - the +1 mace of Intuition (weapon) {elec, Stlth+}
   (You found it on level 3 of the Dungeon)

   It occasionally discharges a powerful burst of electricity upon striking a
   foe.
   Stlth:     It makes you more stealthy.
Missiles
 a - 30 stones
Jewellery
 j - a +4 ring of slaying (left tentacle)
Wands
 k - a wand of flame (9)
Scrolls
 c - a scroll of noise {unknown}
 d - 4 scrolls of teleportation {unknown}
 e - a scroll of fear {unknown}
 i - 4 scrolls of identify {unknown}
 l - a scroll of immolation {unknown}
 m - a scroll of fog {unknown}
 o - a scroll of amnesia {unknown}
Potions
 b - a potion of magic
 f - a potion of cancellation {unknown}
 g - a potion of might {unknown}
 h - a potion of curing {unknown}


   Skills:
 + Level 0.6 Fighting
 + Level 2.1 Dodging
 + Level 4.0 Stealth
 + Level 1.3 Unarmed Combat
 + Level 4.2 Spellcasting
 + Level 0.7 Conjurations
 + Level 1.0 Transmutations
 + Level 4.7 Earth Magic
 * Level 3.4 Invocations


You had 8 spell levels left.
You knew the following spells:

 Your Spells              Type           Power      Damage    Failure   Level
a - Sandblast             Erth           44%        2d11      1%          1
b - Passwall              Tmut/Erth      12%        N/A       6%          2
c - Stone Arrow           Conj/Erth      28%        3d8       13%         3

Your spell library contained the following spells:

 Spells                   Type           Power      Damage    Failure   Level
 Petrify                  Tmut/Erth      15%        N/A       38%         4


Dungeon Overview and Level Annotations

Branches:
Dungeon (5/15)
 Temple: D:4-7

Altars:
Elyvilon
Nemelex Xobeh
Trog
Zin


Innate Abilities, Weirdness & Mutations

You cannot wear most types of armour.
You are amphibious.
You can wear up to eight rings at the same time.
Your skin changes colour to match your surroundings (Stealth+).
Your rubbery body absorbs attacks. (AC +1, EV +1)
((You are camouflaged when in or above water. (Stealth+)))
You have tentacles for arms and can constrict up to eight enemies at once.


Message History

The stone arrow hits the quokka!
You kill the quokka!
Your magical contamination has completely faded away.
a - 30 stones (gained 12)
You see here a +0 short sword.
You see here a quokka corpse.
A hornet comes into view.
A hornet is nearby!
No target in view!
o - a scroll labelled AFUXOSHR ARGHY An endoplasm comes into view.
Found 11 gold pieces.
Found a stone staircase leading down.
The endoplasm quivers.
The stone arrow hits the endoplasm!
You kill the endoplasm!
A goblin comes into view.
It is wielding a +0 dagger and quivering poisoned darts.
A goblin is nearby!
The stone arrow hits the goblin!
You kill the goblin!
A hornet is nearby!
A hornet is nearby!
The stone arrow hits the hornet!
The hornet is moderately wounded.
The hornet completely misses you.
The stone arrow hits the hornet!
The hornet is almost dead.
The hornet barely misses you.
The stone arrow misses the hornet.
The hornet stings you but does no damage.
The hornet stings you!
You feel yourself slow down.
You don't have enough magic to cast this spell.
You hit the hornet but do no damage. Your grab misses the hornet.
The hornet is almost dead.
You feel yourself speed up. The hornet closely misses you.
The hornet stings you!!
* * * LOW HITPOINT WARNING * * *
You are poisoned.
You feel yourself slow down. The hornet stings you!
You die...
Your body glows slightly and disappears.

..#.######†......... ...
............#......
...####.####.....#......
...........#.#...#......
.....###...#.#.#.#.#####
...............#.
#...#...##..###
#.y#...##..# .#
#.@...##..# #.#
##........#...
##......##.####
##.........$....
#...............
#................
#..#..............
...##..............
.............)>#...


You could see a hornet.

Vanquished Creatures
  A scorpion (D:4)
  4 hounds
  2 orc priests (D:5)
  An iguana (D:4)
  An orc wizard (D:4)
  Robin (D:3)
  5 adders
  An ufetubus (D:5)
  4 worms
  A dart slug (D:2)
  10 orcs
  5 endoplasms
  5 giant cockroaches
  14 goblins
  6 hobgoblins
  2 jackals (D:3)
  3 quokkas
  10 ball pythons
  8 bats
  4 frilled lizards
  5 kobolds
  4 rats
97 creatures vanquished.

Vanquished Creatures (collateral kills)
  An orc priest (D:3)
  An orc wizard (D:3)
  An orc (D:3)
3 creatures vanquished.

Grand Total: 100 creatures vanquished

Notes
Turn   | Place    | Note
-------+----------+-------------------------------------------
     0 | D:1      | Cecur the Octopode Earth Elementalist began the quest for
                  | the Orb.
     0 | D:1      | Reached XP level 1. HP: 11/11 MP: 3/3
   154 | D:1      | Reached XP level 2. HP: 17/17 MP: 1/5
   454 | D:1      | Found a faded altar of an unknown god.
   552 | D:1      | Prayed at the altar of an unknown god.
   552 | D:1      | Became a worshipper of Nemelex Xobeh the Trickster
   552 | D:1      | Reached * piety under Nemelex Xobeh
   552 | D:1      | Received a gift from Nemelex Xobeh
  1179 | D:2      | Reached XP level 3. HP: 21/21 MP: 3/6
  1349 | D:2      | Reached skill level 1 in Invocations
  1442 | D:2      | Found a glowing silver altar of Zin.
  1488 | D:2      | Reached XP level 4. HP: 4/27 MP: 0/8
  1808 | D:2      | Reached ** piety under Nemelex Xobeh
  2442 | D:3      | Noticed Robin
  2533 | D:3      | Killed Robin
  2534 | D:3      | Reached XP level 5. HP: 21/31 MP: 2/9
  3203 | D:3      | Found a white marble altar of Elyvilon.
  3234 | D:3      | Found a bloodstained altar of Trog.
  3635 | D:3      | You fall into a shaft and drop 2 floors!
  3635 | D:5      | Entered Level 5 of the Dungeon
  3713 | D:5      | Reached XP level 6. HP: 36/36 MP: 7/11
  3921 | D:5      | Reached skill level 1 in Unarmed Combat
  4022 | D:3      | Identified the +1 mace of Intuition {elec, Stlth+}
  4095 | D:4      | Reached XP level 7. HP: 9/41 MP: 3/13
  4344 | D:4      | Learned a level 2 spell: Passwall
  4348 | D:4      | Learned a level 3 spell: Stone Arrow
  4348 | D:4      | Reached *** piety under Nemelex Xobeh
  4384 | D:4      | Received a gift from Nemelex Xobeh
  4705 | D:4      | Noticed a hornet
  4752 | D:4      | Slain by a hornet

Illustrated notes

Levels and vault maps discovered:
D:1:      dpeg_arrival_signposts, layout_loops_ring,
          chequers_ecumenical_altar_grove, minivault_14
D:2:      layout_basic, basic_altar
D:3:      layout_rooms, mainiacjoe_overflow_two_lobes, serial_corexii_hall,
          corexii_hall_statues_t, corexii_hall_statues_deadend, uniq_robin
D:4:      layout_basic, palyth_temple_overflow_mages,
          nemelex_diamond_rough_becter
D:5:      layout_basic, minmay_temple_entry_slanted, small_statue_intersection,
          uniq_menkaure

Skill      XL: |  1  2  3  4  5  6 |
---------------+-------------------+-----
Stealth        | 3 4 |  4.0
Invocations    | 1 3 |  3.4
Earth Magic    | 4 |  4.7
Spellcasting   | 3 4 |  4.2
Unarmed Combat | 1 |  1.3
Fighting       | |  0.6
Dodging        | |  2.1
Conjurations   | |  0.7
Transmutations | |  1.0

Action                   |  1- 3 |  4- 6 |  7- 9 || total
-------------------------+-------+-------+-------++-------
Melee: Unarmed           |     8 |    15 |       ||    23
       Tentacles         |     1 |     7 |     1 ||     9
       Constrict         |     1 |     7 |     3 ||    11
       Mace              |       |     3 |    15 ||    18
 Cast: Sandblast         |    44 |    79 |       ||   123
       Stone Arrow       |       |       |    13 ||    13
Invok: Draw Summoning    |       |     2 |       ||     2
       Draw Destruction  |       |     1 |       ||     1
Armor: Skin              |     2 |     3 |     3 ||     8
Dodge: Dodged            |    22 |    24 |    18 ||    64

Table legend: (Time is in decaauts)
 A = Elapsed time spent in this place.
 B = Non-inter-level travel time spent in this place.
 C = Inter-level travel time spent in this place.
 D = Time resting spent in this place.
 E = Time spent auto-exploring this place.
 F = Levels seen in this place.
 G = Mean time per level.
                   A        B        C        D        E       F      G
               +--------+--------+--------+--------+--------+-----+--------+
         Total |   4759 |   4573 |    186 |    552 |   3446 |   5 |  951.8 |
       Dungeon |   4759 |   4573 |    186 |    552 |   3446 |   5 |  951.8 |
               +--------+--------+--------+--------+--------+-----+--------+

Top non-repeatable levels by time:
     D:2: 1719 daAuts
     D:1: 1039 daAuts
     D:3: 967 daAuts
     D:4: 706 daAuts
     D:5: 327 daAuts
